 Dungeon Sprint DCSS version 0.18.1-6-gd335043 (webtiles) character file.

611 Hipnos the Protected (level 7, -8/73 HPs)
             Began as a Minotaur Fighter on May 20, 2016.
             Was a Follower of Okawaru.
             Mangled by Sonja
             ... wielding a +0 short sword of distortion
              (12 damage)
             ... in the Dungeon (Sprint I: "Red Sonja").
             The game lasted 00:03:25 (805 turns).

Hipnos the Protected (Minotaur Fighter)              Turns: 805, Time: 00:03:25

Health: -8/73      AC:  9    Str: 27    XL:     7   Next: 20%
Magic:  6/6        EV:  9    Int:  5    God:    Okawaru [*.....]
Gold:   425        SH: 12    Dex: 10    Spells: 0 memorised, 6 levels left

rFire  . . .     SeeInvis .     a - +0 flail
rCold  . . .     Gourm    .     b - +0 scale mail
rNeg   . . .     Faith    .     c - +0 shield
rPois  .         Spirit   .     (helmet restricted)
rElec  .         Dismiss  .     (no cloak)
rCorr  .         Reflect  .     (no gloves)
SustAt .         Harm     .     (no boots)
MR     .....     NoTele   +     (no amulet)
Stlth  ..........               (no ring)
                                (no ring)

@: mighty, lethally poisoned (-8 -> -18), very slightly contaminated, hasted and
slowed, not resistant to hostile enchantments, extremely unstealthy
A: retaliatory headbutt, horns 2
a: Heroism, Renounce Religion


You were in the Dungeon.
You worshipped Okawaru.
Okawaru was aware of your devotion.
You were not hungry.

You visited 1 branch You collected 425 gold pieces.

Inventory:

Hand Weapons
 a - a +0 flail (weapon)
Armour
 b - a +0 scale mail (worn)
 c - a +0 shield (worn)
Scrolls
 k - a scroll of blinking
Potions
 i - 2 potions of magic
Comestibles
 f - a bread ration


   Skills:
 + Level 10.7 Fighting
 + Level 6.4 Maces & Flails
 + Level 11.3 Armour
 + Level 1.3 Dodging
 + Level 10.0 Shields


You had 6 spell levels left.
You didn't know any spells.

Dungeon Overview and Level Annotations

Branches:
Dungeon (1/1)

Altars:
Cheibriados
Dithmenos
Elyvilon
Fedhas
Gozag
Kikubaaqudgha
Makhleb
Nemelex Xobeh
Okawaru
Pakellas
Qazlal
Ru
Sif Muna
Trog
Vehumet
Xom
Yredelemnul
Zin
The Shining One
Jiyva

Shops:
D }

Annotations:
D Sonja


Innate Abilities, Weirdness & Mutations

You reflexively headbutt those who attack you in melee.
You have a pair of horns on your head.


Message History

* * * LOW HITPOINT WARNING * * *
You feel as though you will be slow longer.
There is an open door here.
You see here 3 curare-tipped needles.
* * * LOW HITPOINT WARNING * * *
You feel sick.
Sonja unwields an uncursed blowgun.
Sonja wields an uncursed short sword of distortion.
Its appearance distorts for a moment.
Sonja hits you but does no damage. x2
Space bends around you.
* * * LOW HITPOINT WARNING * * *
Sonja barely misses you.
You miss Sonja.
* * * LOW HITPOINT WARNING * * *
You feel sick. You block Sonja's attack. x3
Unknown command.
You miss Sonja. Your headbutt misses Sonja.
* * * LOW HITPOINT WARNING * * *
You feel sick. Sonja hits you but does no damage.
Space warps horribly around you!
You die...

######################
#<.#..)..#.)'..#__#..+
#..').#..'..#..'^.'..#
#..#####'#####'#__####
#..####..#.(.#.####
#..#__####..##.#
#..#_.___##(#..+
#⌠⌠#_.∩...'@(._#
####_..._##K(#'#
#_____###'#[# #######
#.### +$.$+ #$.$#
##.## #+#


You could see Sonja.

Vanquished Creatures
  A slime creature (D)
  Sigmund (D)
  A yak (D)
  An ogre (D)
  A jelly (D)
  Ijyb (D)
6 creatures vanquished.

Notes
Turn   | Place    | Note
--------------------------------------------------------------
     0 | D        | Hipnos the Minotaur Fighter began the quest for the Orb.
     0 | D        | Reached XP level 1. HP: 19/19 MP: 0/0
     1 | D        | Noticed Ijyb
     5 | D        | Killed Ijyb
     5 | D        | Reached skill level 5 in Fighting
     5 | D        | Reached skill level 5 in Armour
     5 | D        | Reached skill level 5 in Shields
     5 | D        | Reached XP level 2. HP: 29/29 MP: 1/1
     8 | D        | Noticed an ogre
    12 | D        | HP: 1/29 [ogre/giant club (8)]
    14 | D        | Killed an ogre
    14 | D        | Reached skill level 7 in Armour
    14 | D        | Reached XP level 3. HP: 1/39 MP: 2/2
    14 | D        | Reached XP level 4. HP: 2/47 MP: 3/3
   300 | D        | Noticed Sigmund
   307 | D        | Killed Sigmund
   307 | D        | Reached skill level 5 in Maces & Flails
   307 | D        | Reached skill level 9 in Armour
   307 | D        | Reached XP level 5. HP: 22/56 MP: 4/4
   307 | D        | Reached XP level 6. HP: 25/62 MP: 5/5
   502 | D        | Found a deep blue altar of Sif Muna.
   504 | D        | Found a radiant altar of Vehumet.
   517 | D        | Found Guashrih's Gadget Emporium.
   517 | D        | Found a white marble altar of Elyvilon.
   517 | D        | Found a stormy altar of Qazlal.
   517 | D        | Found a burning altar of Makhleb.
   517 | D        | Found a sacrificial altar of Ru.
   517 | D        | Found an oddly glowing altar of Pakellas.
   517 | D        | Found a basalt altar of Yredelemnul.
   517 | D        | Found a glowing golden altar of the Shining One.
   517 | D        | Found a sparkling altar of Nemelex Xobeh.
   517 | D        | Found a shimmering altar of Xom.
   517 | D        | Found an opulent altar of Gozag.
   517 | D        | Found an ancient bone altar of Kikubaaqudgha.
   517 | D        | Found a glowing silver altar of Zin.
   517 | D        | Noticed a yak
   526 | D        | Killed a yak
   526 | D        | Reached skill level 10 in Fighting
   526 | D        | Reached skill level 10 in Armour
   527 | D        | Found an iron altar of Okawaru.
   530 | D        | Found a bloodstained altar of Trog.
   534 | D        | Became a worshipper of Warmaster Okawaru
   673 | D        | Found a snail-covered altar of Cheibriados.
   673 | D        | Found a viscous altar of Jiyva.
   673 | D        | Found a shadowy altar of Dithmenos.
   673 | D        | Found a blossoming altar of Fedhas.
   673 | D        | Noticed a slime creature
   684 | D        | Killed a slime creature
   684 | D        | Reached * piety under Okawaru
   684 | D        | Reached skill level 11 in Armour
   684 | D        | Reached skill level 1 in Dodging
   684 | D        | Reached skill level 10 in Shields
   684 | D        | Reached XP level 7. HP: 56/73 MP: 6/6
   787 | D        | Noticed Sonja
   805 | D        | Mangled by Sonja

Skill      XL: |  1  2  3  4  5  6 |
---------------+-------------------+-----
Fighting       | 5 7 8 10 | 10.7
Maces & Flails | 3 4 5 6 |  6.4
Armour         | 5 7 9 11 | 11.3
Shields        | 5 6 8 10 | 10.0
Dodging        | 1 |  1.3

Action                   |  1- 3 |  4- 6 |  7- 9 || total
-------------------------+-------+-------+-------++-------
Melee: Flail             |     5 |    27 |     5 ||    37
       Headbutt          |     2 |     6 |       ||     8
  Use: Potion            |     2 |       |     3 ||     5
Armor: Scale mail        |     1 |     5 |     8 ||    14
Dodge: Dodged            |     1 |     4 |     4 ||     9
Block: Shield            |     1 |     8 |    14 ||    23
